 Dungeon Crawl Stone Soup version 0.27.1-2-g3b301248ec (webtiles) character file.

Game seed: 13088851952675684685

160647 Crownlay the Warrior (level 17, -3/170 HPs)
             Began as a Hill Orc Fighter on Oct 3, 2021.
             Was a High Priest of Okawaru.
             Killed from afar by a merfolk aquamancer (11 damage)
             ... with a shard of ice
             ... on level 4 of the Shoals on Oct 4, 2021.
             The game lasted 01:52:21 (41597 turns).

Crownlay the Warrior (Hill Orc Fighter)            Turns: 41597, Time: 01:52:21

Health: -3/170     AC: 26    Str: 29    XL:     17   Next: 77%
Magic:  21/26      EV: 12    Int: 11    God:    Okawaru [*****.]
Gold:   1753       SH: 22    Dex: 21    Spells: 16/16 levels left

rFire    + . .     SeeInvis +   B - +9 war axe of Zin's Righteous Fury {freeze, *Corrode rF+ Dex+3 SInv}
rCold    + . .     Faith    .   Z - +0 kite shield {rPois}
rNeg     + + .     Spirit   .   t - +6 plate armour of Inudiuc {rC+ Int+3}
rPois    +         Reflect  +   U - +2 hat of Ennui {rN++ Will- Dex+2}
rElec    .         Harm     .   (no cloak)
rCorr    .         Rampage  .   s - +0 pair of gloves {archery}
Will     +....                  k - +0 pair of boots
Stlth    ..........             e - amulet of reflection
HPRegen  0.38/turn              i - ring "Geigg" {Will+ AC+4 Str+3}
MPRegen  0.20/turn              v - +6 ring of dexterity

@: heroic, finesse-ful, corroded
A: no striking features
a: Renounce Religion, Heroism, Finesse


You were on level 4 of the Shoals.
You worshipped Okawaru.
Okawaru was extremely pleased with you.
You visited 5 branches of the dungeon, and saw 28 of its levels.
You also visited: Ossuary and Gauntlet.

You collected 2921 gold pieces.
You spent 1168 gold pieces at shops.

Inventory:

Hand Weapons
 B - the +9 war axe of Zin's Righteous Fury (weapon) {freeze, *Corrode rF+ Dex+3 SInv}
   (You bought it in a shop on level 2 of the Orcish Mines)

   It freezes those it strikes, dealing additional cold damage.
   It can also slow down cold-blooded creatures.
   Dex:       It affects your dexterity (+3).
   rF:        It protects you from fire.
   SInv:      It lets you see invisible.
   *Corrode:  It may corrode you when you take damage.
 I - a +4 executioner's axe of draining
 K - the +7 flail of the Penguin {flame, rPois Int-4 Dex+4}
   (You bought it in a shop on level 2 of the Orcish Mines)

   It burns those it strikes, dealing additional fire damage.
   Int:       It affects your intelligence (-4).
   Dex:       It affects your dexterity (+4).
   rPois:     It protects you from poison.
 R - the +9 hunting sling of the Whelk {vorpal, rF- rN++ rCorr Str+2}
   (You found it on level 13 of the Dungeon)

   Any ammunition fired from it inflicts extra damage upon your enemies.
   Str:       It affects your strength (+2).
   rF:        It makes you vulnerable to fire.
   rN:        It greatly protects you from negative energy.
   rCorr:     It protects you from acid and corrosion.
Missiles
 b - 13 throwing nets
 p - 26 javelins
 L - 8 curare-tipped darts (quivered)
Armour
 k - a +0 pair of boots (worn)
 s - a +0 pair of gloves of archery (worn)
 t - the +6 plate armour of Inudiuc (worn) {rC+ Int+3}
   (Okawaru gifted it to you on level 3 of the Shoals)

   Int:       It affects your intelligence (+3).
   rC:        It protects you from cold.
 U - the +2 hat of Ennui (worn) {rN++ Will- Dex+2}
   (Okawaru gifted it to you on level 11 of the Dungeon)

   Dex:       It affects your dexterity (+2).
   rN:        It greatly protects you from negative energy.
   Will:      It decreases your willpower.
 Z - a +0 kite shield of poison resistance (worn)
Jewellery
 e - an amulet of reflection (around neck)
 i - the ring "Geigg" (left hand) {Will+ AC+4 Str+3}
   (You found it in a Gauntlet)

   [ring of protection]

   AC:        It affects your AC (+4).
   Str:       It affects your strength (+3).
   Will:      It increases your willpower.
 v - a +6 ring of dexterity (right hand)
 S - a ring of see invisible
Wands
 l - a wand of acid (46)
 o - a wand of mindburst (24)
 z - a wand of polymorph (17)
 A - a wand of digging (8)
 H - a wand of flame (49)
 P - a wand of iceblast (37)
 X - a wand of paralysis (19)
Scrolls
 d - a scroll of silence
 g - 11 scrolls of teleportation
 j - 4 scrolls of magic mapping
 m - 2 scrolls of fog
 n - 7 scrolls of enchant armour
 u - 6 scrolls of immolation
 w - a scroll of acquirement
 x - a scroll of blinking
 y - a scroll of holy word
 D - 2 scrolls of identify
 M - 2 scrolls of fear
 Q - a scroll of amnesia
Potions
 a - 2 potions of lignification
 f - 7 potions of mutation
 h - 4 potions of attraction
 q - 6 potions of haste
 r - a potion of berserk rage
 C - 3 potions of ambrosia
 F - 8 potions of flight
 G - 10 potions of curing
 J - 2 potions of might
 N - a potion of invisibility
 O - 5 potions of cancellation
 Y - 2 potions of resistance
Miscellaneous
 c - a lightning rod (4/4)
 E - a condenser vane


   Skills:
 + Level 19.8(24.8) Fighting
 - Level 16.0(21.0) Axes
 * Level 13.8(18.8) Armour
 - Level 15.0(20.0) Shields
 + Level 12.8 Invocations
 - Level 10.0 Evocations


You had 16 spell levels left.
You didn't know any spells.
Your spell library contained the following spells:

 Spells                   Type           Power      Damage    Failure   Level
 Animate Skeleton         Necr           0%         N/A       85%         1
 Apportation              Tloc           0%         N/A       85%         1
 Corona                   Hex            0%         N/A       85%         1
 Foxfire                  Conj/Fire      0%         2x1d4     85%         1
 Freeze                   Ice            0%         1d3       85%         1
 Sting                    Tmut/Pois      0%         1d3       85%         1
 Summon Small Mammal      Summ           0%         N/A       85%         1
 Blink                    Tloc           N/A        N/A       94%         2
 Corpse Rot               Necr/Air       N/A        N/A       94%         2
 Ensorcelled Hibernation  Hex/Ice        0%         N/A       94%         2
 Passwall                 Tmut/Erth      0%         N/A       94%         2
 Static Discharge         Conj/Air       0%         N/A       94%         2
 Sublimation of Blood     Necr           0%         N/A       94%         2
 Wereblood                Tmut           0%         N/A       94%         2
 Call Canine Familiar     Summ           0%         N/A       99%         3
 Conjure Flame            Conj/Fire      0%         6-21      99%         3
 Dazzling Flash           Conj/Hex       0%         N/A       99%         3
 Frozen Ramparts          Ice            0%         1d2       99%         3
 Inner Flame              Hex/Fire       0%         N/A       99%         3
 Lesser Beckoning         Tloc           0%         N/A       99%         3
 Portal Projectile        Hex/Tloc       0%         N/A       99%         3
 Summon Guardian Golem    Hex/Summ       0%         N/A       99%         3
 Swiftness                Air            0%         N/A       99%         3
 Tukima's Dance           Hex            0%         N/A       99%         3
 Cause Fear               Hex            0%         N/A       100%        4
 Dispel Undead            Necr           0%         3d6       100%        4
 Hailstorm                Conj/Ice       0%         3d3       100%        4
 Leda's Liquefaction      Hex/Erth       0%         N/A       100%        4
 Sticky Flame             Conj/Fire      0%         2d3       100%        4
 Agony                    Necr           0%         N/A       100%        5
 Alistair's Intoxication  Tmut/Pois      0%         N/A       100%        5
 Blade Hands              Tmut           0%         N/A       100%        5
 Bolt of Magma            Conj/Fire/Erth 0%         4d4       100%        5
 Borgnjor's Vile Clutch   Necr/Erth      0%         N/A       100%        5
 Excruciating Wounds      Necr           0%         N/A       100%        5
 Fireball                 Conj/Fire      0%         3d3       100%        5
 Manifold Assault         Tloc           0%         N/A       100%        5
 Silence                  Hex/Air        0%         N/A       100%        5
 Death Channel            Necr           0%         N/A       100%        6
 Eringya's Noxious Bog    Tmut/Pois      0%         N/A       100%        6
 Invisibility             Hex            0%         N/A       100%        6
 Starburst                Conj/Fire      0%         6d3       100%        6
 Statue Form              Tmut/Erth      0%         N/A       100%        6
 Malign Gateway           Summ/Tloc      0%         N/A       100%        7
 Summon Hydra             Summ           0%         N/A       100%        7
 Discord                  Hex            0%         N/A       100%        8
 Ignition                 Fire           0%         3d3       100%        8
 Summon Horrible Things   Summ           0%         N/A       100%        8


Dungeon Overview and Level Annotations

Branches:
Dungeon (15/15)            Temple (1/1) D:4            Lair (6/6) D:11
 Shoals (4/4) Lair:2        Snake (0/4) Lair:3        Slime (0/5) Lair:6
    Orc (2/2) D:10            Elf (0/3) Orc:2        Vaults (0/5) D:14
 Depths (0/5) D:15        Ossuary (visited)         Gauntlet (visited)

Altars:
Ashenzari
Cheibriados
Dithmenos
Elyvilon
Fedhas
Gozag
Hepliaklqana
Makhleb
Nemelex Xobeh
Okawaru
Qazlal
Ru
Uskayaw
Vehumet
Xom
Yredelemnul
Zin
Beogh

Shops:
D:6 **   D:7 [   D:8 (   D:10 [   D:12 [   Orc:1 (:[**   Orc:2 *([(
Shoals:1 *   Shoals:2 **

Annotations:
D:5 3 runed translucent doors, Domino's ghost, novice MiBe; MeltyBlood's ghost, novice DsFi
Shoals:2 3 runed translucent doors, exclusion: obsidian statue, hurston's ghost, adept GrFi


Message History

* * * LOW HITPOINT WARNING * * *
You block the merfolk impaler's attack. You block the merfolk siren's attack.
You feel much better. You block the merfolk impaler's attack.
The merfolk impaler hits you from afar with a +0 demon trident of flaming!
* * * LOW HITPOINT WARNING * * *
The merfolk impaler burns you.
* * * LOW HITPOINT WARNING * * *
You block the merfolk javelineer's attack.
The merfolk impaler barely misses you.
The merfolk aquamancer gestures at you while chanting.
The torrent of water reflects off an invisible shield around you!
The torrent of water hits the merfolk aquamancer!!
The merfolk aquamancer is knocked back by the torrent of water.
The wave splashes down.
The merfolk siren chants its luring song.
You block the merfolk impaler's attack.
The alligator snapping turtle bites you!
* * * LOW HITPOINT WARNING * * *
You hear a shout!
Blink to where?
Press: ? - help, Dir - move target You cannot blink away from the merfolk siren!
Blink to where?
Press: ? - help, Dir - move target You cannot blink away from the merfolk siren!
Blink to where?
Press: ? - help, Dir - move target
Okay, then.
As you read the scroll of fear, it crumbles to dust.
You assume a fearsome visage.
The merfolk javelineer easily resists.
The merfolk aquamancer looks frightened!
The merfolk aquamancer easily resists.
The merfolk impaler looks frightened!
The alligator snapping turtle looks frightened!
The merfolk siren looks frightened!
The merfolk impaler looks frightened!
The merfolk siren stops singing.
You are no longer entranced.
The merfolk javelineer hits you but does no damage.
The merfolk aquamancer casts a spell at you.
The shard of ice hits you! You partially resist.
You die...

≈≈≈≈≈≈≈≈≈≈......≈≈≈≈≈≈≈≈
≈≈≈≈≈≈≈≈.........≈≈≈≈≈≈≈≈
≈≈≈≈≈≈≈...........≈≈≈≈≈≈≈≈
≈≈≈≈≈≈≈..#........≈≈≈≈≈≈≈≈≈
≈≈≈≈≈≈≈.##........≈≈≈≈≈≈≈≈≈≈≈≈≈
≈≈≈≈≈≈≈..######....≈≈≈≈≈≈≈P≈≈≈≈
≈≈≈≈≈≈≈≈.##.m.##...≈≈≈≈≈≈≈≈.PP≈
≈≈≈≈≈≈≈≈≈#..m.†#...≈≈≈≈≈≈≈≈P≈≈≈
≈≈≈≈≈≈≈≈≈#..φmt@m..≈≈≈≈≈≈≈≈≈P≈≈
≈≈≈≈≈≈≈≈≈#..≈m≈#).≈≈≈≈≈≈≈≈≈≈≈P≈
≈≈≈≈≈≈≈≈≈##.≈m##.≈≈≈≈≈≈≈≈≈≈≈(...
≈≈≈≈≈≈≈≈≈≈#####.≈≈≈≈≈≈≈≈≈≈≈....#
≈≈≈≈≈≈≈≈≈≈≈≈≈≈.....#
≈≈≈≈≈≈≈≈≈≈≈≈.≈....≈≈≈
≈≈≈≈≈≈≈≈≈≈≈≈...###≈≈≈
≈≈≈≈≈≈≈≈≈≈≈))####.≈P≈
≈≈≈≈≈≈≈≈≈≈≈))# ##.≈≈≈


You could see an alligator snapping turtle (fleeing, slow), 2 merfolk impalers,
a merfolk javelineer, 2 merfolk aquamancers and a merfolk siren (fleeing).

Vanquished Creatures
  2 krakens (Shoals:4)
  Gastronok (Lair:3)
  A storm dragon (D:11)
  An orc warlord (Orc:2)
  Azrael (D:14)
  A dire elephant (D:15)
  A minotaur (Gauntlet)
  3 merfolk javelineers
  Josephine (D:14)
  5 merfolk impalers
  The ghost of sebovzeoueb the Blocker, a journeyman GrFi of Makhleb (D:11)
  A rakshasa (D:15)
  Erolcha (Orc:2)
  Harold (D:7)
  3 vault guards (D:14)
  5 boulder beetles
  7 hydras
  An alligator snapping turtle (Shoals:2)
  A death knight (D:13)
  8 merfolk aquamancers
  5 centaur warriors
  2 merfolk avatars
  7 two-headed ogres
  A hell hog (Gauntlet)
  A tengu warrior (D:13)
  4 death yaks
  A satyr (Shoals:4)
  Nergalle (Orc:1)
  Sonja (D:12)
  A wretched star (Gauntlet)
  4 skeletal warriors (D:13)
  A goliath frog (Lair:6)
  10 sea snakes
  2 lindwurms
  A wizard (D:15)
  7 harpies
  2 necromancers (D:14)
  12 ugly things
  A wolf spider (D:15)
  4 orc knights
  2 deep elf pyromancers
  An oklob plant (Gauntlet)
  11 manticores
  A moth of wrath (Gauntlet)
  A salamander (D:15)
  4 cyclopes
  11 fauns
  7 water nymphs
  8 merfolk sirens
  2 black mambas
  Joseph (D:8)
  2 gargoyles
  A black mamba (shapeshifter) (D:15)
  17 cane toads
  An unseen horror (D:11)
  A cane toad (shapeshifter) (D:15)
  2 torpor snails
  An efreet (D:14)
  3 freezing wraiths (D:13)
  A rime drake (shapeshifter) (D:15)
  3 rime drakes
  2 yaktaurs (D:14)
  15 komodo dragons
  A kobold demonologist (D:8)
  A tengu conjurer (D:13)
  31 merfolk
  8 wind drakes
  3 hornets
  3 trolls (Orc:1)
  3 tyrant leeches (Lair:6)
  28 blink frogs
  2 polar bears (Lair:6)
  11 snapping turtles
  11 dream sheep
  6 slime creatures
  3 centaur simulacra (Gauntlet)
  A vampire (D:13)
  7 wyverns
  4 shadows
  7 wraiths
  11 water elementals
  4 fire bats (Gauntlet)
  3 fire elementals (D:14)
  40 yaks
  9 basilisks
  A small abomination (Gauntlet)
  18 humans (D:14)
  A neqoxec (Gauntlet)
  9 vampire mosquitoes
  Menkaure (D:5)
  4 steam dragons
  2 nagas (Lair:3)
  4 wargs
  4 acid dragons
  15 water moccasins
  6 hell hounds
  41 orc warriors
  A sky beast (D:5)
  2 ice beasts
  3 black bears
  11 ogres
  A necrophage (D:5)
  36 wolves
  5 boggarts (D:15)
  20 centaurs
  An elf zombie (D:6)
  19 kobold brigands (D:8)
  21 bullfrogs
  13 scorpions
  A hornet simulacrum (Gauntlet)
  9 wights
  6 spriggan skeletons (D:9)
  4 electric eels
  9 howler monkeys
  A troll skeleton (D:9)
  A crimson imp (D:5)
  A gnoll shaman (D:9)
  16 orc priests
  2 bullfrog zombies (D:5)
  2 hounds
  5 centaur zombies
  A bullfrog skeleton (D:6)
  2 human zombies (Ossuary)
  2 jellies
  A centaur skeleton (D:7)
  2 human skeletons (D:6)
  21 orc wizards
  8 iguanas
  6 hell rats
  6 scorpion zombies (Ossuary)
  A killer bee zombie (D:7)
  A hound zombie (D:5)
  A hound skeleton (D:4)
  A howler monkey zombie (D:6)
  3 mummies (Ossuary)
  5 gnolls (D:9)
  A howler monkey skeleton (D:5)
  8 adders
  10 river rats (Lair:2)
  2 white imps (D:7)
  An ufetubus (D:6)
  2 adder skeletons
  2 adder zombies
  A worm (D:3)
  4 dart slugs
  71 orcs
  10 ball pythons
  A bat zombie (D:2)
  3 endoplasms
  5 giant cockroaches
  A gnoll zombie (Ossuary)
  7 hobgoblins
  3 jackals
  21 kobolds
  A quokka (D:1)
  6 bats
  A frilled lizard (D:1)
  5 goblins
  2 goblin zombies (Ossuary)
  2 hobgoblin zombies (Ossuary)
  2 kobold zombies (Ossuary)
  3 orc skeletons (D:6)
  An orc zombie (Ossuary)
  4 rats
  A spectral orc (D:9)
  A butterfly (Lair:2)
  A plant (Shoals:1)
  11 tentacles (Shoals:4)
960 creatures vanquished.

Vanquished Creatures (others)
  A boggart (D:15)
  A kobold (D:8)
  65 fungi
  253 plants
  8 tentacles (Shoals:4)
  A withered plant (D:2)
329 creatures vanquished.

Grand Total: 1289 creatures vanquished

Notes
Turn   | Place    | Note
-------+----------+-------------------------------------------
     0 | D:1      | Crownlay the Hill Orc Fighter began the quest for the Orb.
     0 | D:1      | Reached XP level 1. HP: 19/19 MP: 1/1
   182 | D:1      | Reached XP level 2. HP: 26/26 MP: 2/2
   323 | D:1      | Found a faded altar of an unknown god.
   332 | D:1      | Got Plato's Volume of the Komodo Dragon
  1008 | D:2      | Reached XP level 3. HP: 31/31 MP: 3/3
  1201 | D:2      | Reached skill level 5 in Axes
  1345 | D:2      | Reached XP level 4. HP: 39/39 MP: 4/4
  1982 | D:3      | Reached XP level 5. HP: 43/45 MP: 5/5
  2824 | D:4      | Reached XP level 6. HP: 51/51 MP: 6/6
  3285 | D:4      | Reached XP level 7. HP: 24/57 MP: 7/7
  3644 | D:4      | Found a staircase to the Ecumenical Temple.
  3678 | Temple   | Entered the Ecumenical Temple
  3814 | Temple   | Became a worshipper of Warmaster Okawaru
  4214 | D:4      | Reached skill level 10 in Axes
  4214 | D:4      | Reached skill level 1 in Invocations
  4277 | D:5      | Entered Level 5 of the Dungeon
  4432 | D:5      | Noticed Menkaure
  4806 | D:5      | Reached * piety under Okawaru
  4958 | D:5      | Reached XP level 8. HP: 29/64 MP: 10/10
  5166 | D:5      | Found a shimmering altar of Xom.
  5180 | D:5      | Found a runed translucent gate.
  5180 | D:5      | Found a runed translucent gate.
  5181 | D:5      | Found a runed translucent gate.
  5228 | D:5      | Noticed Domino's ghost (novice MiBe)
  5228 | D:5      | Noticed MeltyBlood's ghost (novice DsFi)
  5284 | D:5      | You fall into a shaft and drop 3 floors!
  5663 | D:7      | Reached skill level 5 in Invocations
  6068 | D:6      | Reached XP level 9. HP: 42/70 MP: 11/13
  6077 | D:6      | Reached ** piety under Okawaru
  6114 | D:6      | Found a sand-covered staircase.
  6119 | Ossuary  | Entered an ossuary
  6846 | Ossuary  | Reached *** piety under Okawaru
  7757 | D:6      | Found Kusuaken's Specific Store.
  7761 | D:6      | Found Zetroona's General Store.
  7781 | D:6      | Reached skill level 10 in Invocations
  7785 | D:6      | Bought a scroll of identify for 24 gold pieces
  7785 | D:6      | Bought a scroll of identify for 24 gold pieces
  7981 | D:7      | Found Yriod's Armour Emporium.
  7981 | D:7      | Noticed Harold
  8317 | D:7      | Killed Harold
  8318 | D:7      | Reached skill level 5 in Fighting
  8318 | D:7      | Reached XP level 10. HP: 31/83 MP: 15/18
  8601 | D:7      | Reached skill level 6 in Fighting
  9049 | D:8      | Found Koffill's Antique Weapon Shoppe.
  9065 | D:8      | Reached **** piety under Okawaru
  9307 | D:8      | Bought a twisted hand axe for 200 gold pieces
  9307 | D:8      | Identified the +3 hand axe of Departure {drain, rF+ Str+6}
                  | (You bought it in a shop on level 8 of the Dungeon)
  9321 | D:8      | Noticed a kobold demonologist
  9328 | D:8      | Reached skill level 7 in Fighting
  9328 | D:8      | Noticed Joseph
  9379 | D:8      | Killed a kobold demonologist
  9380 | D:8      | Reached skill level 8 in Fighting
  9407 | D:8      | Reached ***** piety under Okawaru
  9423 | D:8      | Killed Joseph
  9424 | D:8      | Reached skill level 9 in Fighting
  9821 | D:8      | Identified the +1 robe of Philately {Rampage rN+} (Okawaru
                  | gifted it to you on level 8 of the Dungeon)
  9821 | D:8      | Received a gift from Okawaru
  9822 | D:8      | Reached XP level 11. HP: 93/99 MP: 20/20
  9901 | D:8      | Found an opulent altar of Gozag.
 10390 | D:5      | Killed Menkaure
 10391 | D:5      | Reached skill level 10 in Fighting
 10718 | D:5      | Found a radiant altar of Vehumet.
 10718 | D:5      | Found a burning altar of Makhleb.
 11099 | D:9      | Found a stormy altar of Qazlal.
 11266 | D:9      | Noticed a two-headed ogre
 11275 | D:9      | Killed a two-headed ogre
 11500 | D:9      | Reached skill level 15 in Axes
 11629 | D:9      | Found a sacrificial altar of Ru.
 12269 | D:9      | Found a basalt altar of Yredelemnul.
 12395 | D:10     | Entered Level 10 of the Dungeon
 12587 | D:10     | Noticed a two-headed ogre
 12597 | D:10     | Killed a two-headed ogre
 12695 | D:10     | Found Norokliybano's Antique Armour Shoppe.
 12984 | D:10     | Noticed a boulder beetle
 13011 | D:10     | Killed a boulder beetle
 13012 | D:10     | Reached skill level 5 in Shields
 13115 | D:10     | Found a staircase to the Orcish Mines.
 13516 | D:10     | Noticed a two-headed ogre
 13527 | D:10     | Killed a two-headed ogre
 13860 | D:11     | Noticed a two-headed ogre
 13870 | D:11     | Killed a two-headed ogre
 13870 | D:11     | Identified the +2 hat of Ennui {rN++ Will- Dex+2} (Okawaru
                  | gifted it to you on level 11 of the Dungeon)
 13870 | D:11     | Received a gift from Okawaru
 13871 | D:11     | Reached XP level 12. HP: 65/106 MP: 18/21
 14039 | D:11     | Found a white marble altar of Elyvilon.
 14087 | D:11     | Found a runed translucent door.
 14087 | D:11     | Noticed sebovzeoueb's ghost (journeyman GrFi)
 14087 | D:11     | Noticed a storm dragon
 14405 | D:11     | Noticed a two-headed ogre
 14417 | D:11     | Killed a two-headed ogre
 14623 | D:11     | Found a staircase to the Lair.
 15028 | D:11     | Noticed a boulder beetle
 15063 | D:11     | Killed a boulder beetle
 15064 | D:11     | Reached skill level 10 in Shields
 15250 | D:11     | Identified the +8 trident "Siumumu" {drain, *Noise Int+4}
 15251 | D:11     | Noticed a two-headed ogre
 15253 | D:11     | Identified the +7 chain mail of Lust {Str+4}
 15264 | D:11     | Killed a two-headed ogre
 17347 | D:12     | Noticed a two-headed ogre
 17356 | D:12     | Killed a two-headed ogre
 17357 | D:12     | Noticed Sonja
 17369 | D:12     | Killed Sonja
 17377 | D:12     | HP: 5/106 [poisoned by Sonja]
 17781 | D:12     | Found Goyro's Armour Boutique.
 18141 | Lair:1   | Entered Level 1 of the Lair of Beasts
 19062 | Lair:2   | Received a gift from Okawaru
 19063 | Lair:2   | Reached XP level 13. HP: 96/113 MP: 22/22
 20016 | Lair:2   | Found a staircase to the Shoals.
 20075 | Lair:2   | Received a gift from Okawaru
 20290 | Lair:3   | Found a gate leading to a gauntlet.
 20290 | Lair:3   | Noticed Gastronok
 20317 | Lair:3   | Killed Gastronok
 20324 | Gauntlet | Entered a Gauntlet
 20324 | Gauntlet | Found a transporter.
 20392 | Gauntlet | Found a transporter.
 20394 | Gauntlet | Found a transporter.
 20395 | Gauntlet | Found a transporter.
 20403 | Gauntlet | Found a transporter.
 20406 | Gauntlet | Found a transporter.
 20407 | Gauntlet | Found a transporter.
 20416 | Gauntlet | Found a transporter.
 20418 | Gauntlet | Found a transporter.
 20419 | Gauntlet | Found a transporter.
 20427 | Gauntlet | Found a transporter.
 20430 | Gauntlet | Found a transporter.
 20431 | Gauntlet | Found a transporter.
 20439 | Gauntlet | Found a transporter.
 21047 | Gauntlet | Reached skill level 15 in Shields
 21047 | Gauntlet | Reached skill level 1 in Evocations
 21314 | Gauntlet | Identified the ring "Geigg" {Will+ AC+4 Str+3}
 21434 | Gauntlet | Noticed a minotaur
 21454 | Gauntlet | Killed a minotaur
 21461 | Gauntlet | Got the Volume of Black Arts
 21584 | Lair:3   | Reached skill level 11 in Fighting
 21703 | Lair:3   | Found a staircase to the Snake Pit.
 21953 | Lair:3   | Reached skill level 5 in Evocations
 22554 | Lair:4   | Reached XP level 14. HP: 124/124 MP: 23/23
 23186 | Lair:5   | Reached skill level 12 in Fighting
 23573 | Lair:5   | Received a gift from Okawaru
 24466 | Lair:6   | Entered Level 6 of the Lair of Beasts
 25154 | Lair:5   | Reached skill level 13 in Fighting
 25292 | Lair:6   | Reached skill level 10 in Evocations
 25476 | Lair:6   | Reached ****** piety under Okawaru
 25548 | Lair:6   | Reached skill level 14 in Fighting
 25550 | Lair:6   | Received a gift from Okawaru
 25824 | Lair:6   | Reached XP level 15. HP: 38/138 MP: 22/24
 26445 | Lair:6   | Reached skill level 15 in Fighting
 26522 | Lair:6   | Identified a scroll of acquirement
 26790 | Lair:6   | Found a staircase to the Slime Pits.
 27112 | Orc:1    | Entered Level 1 of the Orcish Mines
 27132 | Orc:1    | Found Pueberr's Assorted Antiques.
 27183 | Orc:1    | Found Alosofe's General Store.
 27293 | Orc:2    | Entered Level 2 of the Orcish Mines
 27293 | Orc:2    | Noticed Erolcha
 27666 | Orc:2    | Killed Erolcha
 27863 | Orc:2    | Reached skill level 5 in Armour
 28180 | Orc:2    | Found Uvasiuf's Armour Shoppe.
 28180 | Orc:2    | Found Gyphegh's Antique Weapon Shop.
 28203 | Orc:2    | Found Zosofoev's General Store.
 28205 | Orc:2    | Found Opralio's Antique Weapon Emporium.
 28217 | Orc:2    | Bought a twisted war axe for 238 gold pieces
 28217 | Orc:2    | Identified the +9 war axe of Zin's Righteous Fury {freeze,
                  | *Corrode rF+ Dex+3 SInv} (You bought it in a shop on level
                  | 2 of the Orcish Mines)
 28492 | Orc:2    | Found a staircase to the Elven Halls.
 28546 | Orc:2    | Found a roughly hewn altar of Beogh.
 28775 | Orc:2    | Bought the +7 flail of the Penguin {flame, rPois Int-4
                  | Dex+4} for 682 gold pieces
 28804 | Orc:1    | Noticed an orc warlord
 28814 | Orc:2    | Killed an orc warlord
 29054 | Orc:1    | Found Yvigh's Book Emporium.
 29265 | Orc:1    | Found Gurgh's Armour Shop.
 29304 | Orc:1    | Noticed Nergalle
 29316 | Orc:1    | Killed Nergalle
 29347 | Orc:1    | Found Hulaorr's Weapon Emporium.
 30221 | D:11     | Killed a storm dragon
 30250 | D:11     | Killed sebovzeoueb's ghost
 30255 | D:11     | Got the Reference Book on the Oath
 30830 | D:13     | Received a gift from Okawaru
 30855 | D:13     | Identified the +9 hunting sling of the Whelk {vorpal, rF-
                  | rN++ rCorr Str+2}
 31954 | D:14     | Found a gate to the Vaults.
 31961 | D:14     | Reached skill level 16 in Fighting
 31965 | D:14     | Received a gift from Okawaru
 31968 | D:14     | Reached skill level 10 in Armour
 31968 | D:14     | Reached XP level 16. HP: 62/151 MP: 23/25
 32486 | D:14     | Noticed Josephine
 32500 | D:14     | Killed Josephine
 32520 | D:14     | Noticed Azrael
 32537 | D:14     | Killed Azrael
 33053 | D:14     | Found a broken altar of Ashenzari.
 33259 | D:14     | Reached skill level 17 in Fighting
 33535 | D:15     | Entered Level 15 of the Dungeon
 33972 | D:15     | Identified the +1 leather armour "Jiduecs" {*Slow rElec
                  | rCorr Dex+3}
 34315 | D:15     | Found a staircase to the Depths.
 34554 | D:15     | Received a gift from Okawaru
 35255 | Shoals:1 | Entered Level 1 of the Shoals
 35492 | Shoals:1 | Reached skill level 18 in Fighting
 36636 | Shoals:1 | Found Wag Woorph's General Store.
 37077 | Shoals:2 | Found a runed translucent gate.
 37077 | Shoals:2 | Found a runed translucent gate.
 37077 | Shoals:2 | Found a runed translucent gate.
 37078 | Shoals:2 | Found an opulent altar of Gozag.
 37078 | Shoals:2 | Found Qutaiw's Assorted Antiques.
 37078 | Shoals:2 | Found Duliss's Assorted Antiques.
 37079 | Shoals:2 | Noticed hurston's ghost (adept GrFi)
 37840 | Shoals:2 | Reached XP level 17. HP: 144/166 MP: 26/26
 38158 | Shoals:3 | Reached skill level 19 in Fighting
 39105 | Shoals:3 | Identified the +6 plate armour of Inudiuc {rC+ Int+3}
                  | (Okawaru gifted it to you on level 3 of the Shoals)
 39105 | Shoals:3 | Received a gift from Okawaru
 39533 | Shoals:4 | Entered Level 4 of the Shoals
 39655 | Shoals:4 | Noticed a kraken
 39949 | Shoals:4 | Killed a kraken
 40415 | Shoals:4 | Noticed a kraken
 40425 | Shoals:4 | Killed a kraken
 41595 | Shoals:4 | HP: 4/170 [merfolk aquamancer (9)]
 41597 | Shoals:4 | Killed from afar by a merfolk aquamancer

Illustrated notes

Levels and vault maps discovered:
D:1:      lightli_arrival_quake, layout_loops_corners,
          shapermc_ecumenical_altar_rom_forum, minmay_misc_feat_rows,
          minmay_small_reverse_x
D:2:      layout_loops_cross, serial_undead, serial_undead_b, serial_undead_e,
          serial_undead_d, serial_undead_f
D:3:      layout_basic
D:4:      layout_layer_cave, temple_statues
D:5:      layout_basic, grunt_temple_overflow_lords_of_destruction,
          xom_teletrap_fun, gammafunk_ghost_cemetery, uniq_menkaure
D:6:      layout_loops_ring, nicolae_ossuary_entry_catacombs,
          chequers_serial_rivers_micro_a, nicolae_specific_store
D:7:      layout_loops_ring, serial_shops, nicolae_stop_n_shop_1, uniq_harold
D:8:      lemuel_ice_spiral_2, layout_basic, mainiacjoe_overflow_tiny_flanked,
          special_room [special_room_kobold], serial_shops, shop,
          kennysheep_generic_room_16, uniq_joseph
D:9:      layout_cave_pools, nicolae_ru_great_annihilating_truth,
          nicolae_qazlal_scattered_showers, yredelemnul_forgotten_temple_becter,
          serial_co_window_serial, co_window_paths_a, co_window_paths_a,
          co_window_paths_a, co_window_paths_b, co_window_corner_a,
          co_window_corner_a, co_window_broadway_c, co_window_corner_b,
          co_window_broadway_c, co_window_cross_2, co_window_paths_e,
          glass_columns_b, glass_columns_b, glass_columns_c, glass_columns_a,
          glass_columns_a, hangedman_tell_no_tales
D:10:     layout_roguey, erik_orc_4, serial_shops, shop
D:11:     layout_long_grid, erik_lair_dragon, ebering_ghost_inner_flame,
          special_room [special_room_orc], hangedman_decor_points,
          elyvilon_altar_3
D:12:     layout_cave_pools, serial_shops, shop, grunt_ogre_cave, uniq_sonja
D:13:     layout_grid_maze
D:14:     layout_irregular_city, grunt_vaults_entry_tiered,
          serial_park_tiny_pond, cheibrodos_ashenzari_chains, uniq_josephine,
          uniq_azrael
D:15:     hangedman_depths_entry_try_elsewhere_first, layout_basic,
          minmay_stone_trees_medium, minmay_starry_boxes
Temple:   regret_index_temple_generic_petals
Lair:1:   layout_regular_city, lemuel_fruit_fields, serial_bayou_shore_b
Lair:2:   layout_small_grid, minmay_shoals_entry_lonely_mermaid,
          kennysheep_rathole, grunt_megastairs_3, lemuel_fruit_fields
Lair:3:   beast_lair_carwin_large_3, layout_long_grid,
          guppyfry_snake_entry_garden, gauntlet_entry_generic, uniq_gastronok
Lair:4:   layout_misc_corridors, grunt_megastairs_2
Lair:5:   layout_regular_city, serial_bayou, serial_bayou_pond_a,
          serial_bayou_pond_e, serial_bayou_lagoon_a, serial_bayou_ford_a,
          serial_bayou_pond_b, serial_bayou_lake_a
Lair:6:   minmay_lair_end_frog_pond, layout_gridlike,
          minmay_slime_entry_pillars, lemuel_old_faithful
Shoals:1: layout_shoals, serial_shops, shop, nicolae_shoals_aquamancer_cove
Shoals:2: layout_shoals, ebering_ghost_gozag
Shoals:3: layout_shoals
Shoals:4: shoals_end_simple, layout_shoals
Orc:1:    layout_diamond_mine, serial_shops, shop, nicolae_shop_stone,
          nicolae_shop_trees, nicolae_shop_waterfront, shop, uniq_nergalle
Orc:2:    st_orc_rangers, layout_caves, nicolae_orc_lost_temple, uniq_erolcha

Skill      XL: |  1  2  3  4  5  6  7  8  9 10 11 12 13 14 15 16 17 |
---------------+----------------------------------------------------+-----
Axes           | 3 4 5 6 8 9 11 12 14 16 | 16.0
Invocations    | 3 6 10 12 | 12.8
Fighting       | 5 9 10 11 14 16 18 19 | 19.8
Shields        | 7 13 15 | 15.0
Evocations     | 5 10 | 10.0
Armour         | 10 12 13 | 13.8

Action                   |  1- 3 |  4- 6 |  7- 9 | 10-12 | 13-15 | 16-18 || total
-------------------------+-------+-------+-------+-------+-------+-------++-------
Melee: War axe           |    94 |   125 |   388 |    46 |   256 |   801 ||  1710
       Punch             |       |       |     2 |     2 |     6 |       ||    10
       Hand axe          |       |       |       |   723 |  1196 |       ||  1919
       Dire flail        |       |       |       |       |    22 |       ||    22
       Flail             |       |       |       |       |     5 |     4 ||     9
Throw: Dart              |       |       |       |    17 |       |       ||    17
       Javelin           |       |       |       |       |       |     8 ||     8
Invok: Heroism           |       |       |     3 |     7 |    20 |    11 ||    41
       Finesse           |       |       |       |     1 |     3 |     1 ||     5
Evoke: Wand              |       |       |       |     1 |     3 |       ||     4
  Use: Potion            |       |     1 |     1 |     5 |       |     3 ||    10
       Scroll            |       |       |    10 |    10 |     9 |    11 ||    40
 Stab: Paralysed         |       |       |       |     1 |       |       ||     1
       Petrifying        |       |       |       |       |       |     1 ||     1
Armor: Scale mail        |    44 |    49 |   144 |       |       |       ||   237
       Plate armour      |       |       |     1 |   247 |       |    89 ||   337
       Chain mail        |       |       |       |    27 |   435 |   164 ||   626
Dodge: Dodged            |    42 |    40 |   137 |   143 |   266 |   141 ||   769
Block: Kite shield       |    32 |       |       |       |  1055 |   682 ||  1769
       Other             |    11 |    34 |    58 |    84 |    23 |       ||   210
       Reflection        |       |       |     2 |     3 |    64 |    45 ||   114
